 Dungeon Crawl Stone Soup version 0.25-a0-699-g25a338df49 (webtiles) character file.

Game seed: 6197600083552418233, levelgen mode: deterministic

22 Hartz the Digger (level 2, 0/15 HPs)
             Began as a Gargoyle Earth Elementalist on Apr 2, 2020.
             Slain by Robin
             ... wielding a +0 club
              (2 damage)
             ... on level 2 of the Dungeon.
             The game lasted 00:02:36 (693 turns).

Hartz the Digger (Gargoyle Earth Elementalist)       Turns: 693, Time: 00:02:36

Health: 0/15       AC:  4    Str: 11    XL:     2   Next: 91%
Magic:  0/5        EV: 12    Int: 15    God:
Gold:   31         SH:  0    Dex: 10    Spells: 5/6 levels left

rFire    . . .     SeeInvis .   g - +0 dagger
rCold    . . .     Gourm    .   (no shield)
rNeg     + . .     Faith    .   c - +0 robe
rPois    ∞         Spirit   .   (no helmet)
rElec    +         Reflect  .   k - scarf {cloud immunity}
rCorr    .         Harm     .   (no gloves)
MR       .....                  (no boots)
Stlth    ++........             (no amulet)
HPRegen  0.05/turn              (no ring)
MPRegen  0.09/turn              (no ring)

@: flying
A: negative energy resistance 1, electricity resistance, unbreathing,
petrification resistance, rot immunity, AC +2
a: no special abilities


You were on level 2 of the Dungeon.
You were not hungry.

You visited 1 branch of the dungeon, and saw 2 of its levels.

You collected 31 gold pieces.

Inventory:

Hand Weapons
 e - a +0 club
 g - a +0 dagger (weapon)
Missiles
 b - 43 stones (quivered)
Armour
 c - a +0 robe (worn)
 k - a scarf of cloud immunity (worn)
Jewellery
 i - an uncursed ring of flight
Comestibles
 d - 2 rations
 f - 4 chunks of flesh


   Skills:
 - Level 1.5 Dodging
 - Level 2.1 Stealth
 + Level 2.6 Spellcasting
   Level 0.7 Transmutations
 + Level 4.3 Earth Magic


You had 5 spell levels left.
You knew the following spells:

 Your Spells              Type           Power        Failure   Level  Hunger
a - Sandblast             Erth           ##....       3%          1    #......

Your spell library contained the following spells:

 Spells                   Type           Power        Failure   Level  Hunger
 Passwall                 Tmut/Erth      #.......     11%         2    ###....
 Stone Arrow              Conj/Erth      #.....       26%         3    ###....
 Petrify                  Tmut/Erth      #.......     58%         4    #####..
 Lee's Rapid Deconstruct  Erth           ##........   69%         5    ######.


Dungeon Overview and Level Annotations

Branches:
Dungeon (1/15)

Altars:
Ashenzari

Annotations:
D:2 Robin


Innate Abilities, Weirdness & Mutations

You are resistant to torment.
Your stone body is resilient. (AC +2)
You are immune to poison.
You resist negative energy. (rN+)
You are resistant to electric shocks. (rElec)
You can survive without breathing.
You are immune to petrification.
You are immune to rotting.


Message History

The goblin hits you with a +1 dagger of speed.
* * * LOW HITPOINT WARNING * * *
Unknown command.
Casting: Sandblast (safe; 3% risk of failure)
Confirm with . or Enter, or press ? or * to list all spells.
Aiming: Sandblast (safe; 3% risk of failure)
Press: ? - help, Shift-Dir - straight line, f - hobgoblin, p - Robin
Aim: a hobgoblin (unusually strong)
The blast of sand hits the hobgoblin!
You kill the hobgoblin!
b - 43 stones The goblin barely misses you.
The goblin drinks a potion.
The goblin suddenly seems more resistant.
Robin closely misses you.
You aren't carrying any potions.
Unknown command.
Unknown command.
The goblin closely misses you. The goblin hits you but does no damage.
The goblin barely misses you. Robin hits you with a +0 club.
You die...

*, *, ######### *, #...†)..# *,
##÷#####.#* *, ********
###).#,,,,,,***, ,,,,,,,*
###....#,,,*,,,,*, ,,,,,,,*
###.g..###,,,***,,*, ,,,,,,,*
#.g@g.#⌠..#'*,,⌠,,,,
,,,,,***######.gg..#.......,,*,,,
****,,,,........####gg.....,****,
* *****######......#..g...,*,,,*
***** ##.+...+g.._..,+,,,* ,>,,*
##..#...#......,*,,,* ***.###**
#.....###......,*,***
*.....#####.#....#,,,,,,,,,*,,,
****#.^..#..###..#⌠,*,+*,,⌠*,,*


You could see Robin and 4 goblins.

Vanquished Creatures
  A dart slug (D:1)
  A leopard gecko (D:1)
  8 goblins
  2 hobgoblins
  4 kobolds (D:1)
  A ball python (D:2)
17 creatures vanquished.

Notes
Turn   | Place    | Note
-------+----------+-------------------------------------------
     0 | D:1      | Hartz the Gargoyle Earth Elementalist began the quest for
                  | the Orb.
     0 | D:1      | Reached XP level 1. HP: 10/10 MP: 3/3
   318 | D:1      | Reached skill level 4 in Earth Magic
   318 | D:1      | Reached XP level 2. HP: 15/15 MP: 0/5
   625 | D:1      | You fall into a shaft and drop 1 floor!
   649 | D:2      | Found a shattered altar of Ashenzari,
   677 | D:2      | Noticed Robin
   693 | D:2      | Slain by Robin

Levels and vault maps discovered:
D:1:      eino_arrival_druids_welcome, layout_basic, minmay_heptomino_o4
D:2:      layout_rooms, evilmike_ruin_ashenzari, uniq_robin, uniq_jessica

Skill      XL: |  1 |
---------------+----+-----
Earth Magic    | 4 |  4.3
Dodging        | |  1.5
Stealth        | |  2.1
Spellcasting   | |  2.6
Transmutations | |  0.7

Action                   || total
-------------------------++-------
Melee: Dagger            ||    46
       Club              ||     6
 Cast: Sandblast         ||    13
  Use: Potion            ||     2
       Scroll            ||     1
Armor: Robe              ||    16
Dodge: Dodged            ||    40

Table legend:
 A = Non-vault XP
 B = Vault XP
 C = Vault XP percentage of total XP
 D = Non-vault monster count
 E = Vault monster count
 F = Vault count percentage of total count
                 A         B        C        D         E       F
            +---------+---------+-------+---------+---------+-------
      Total |      18 |      14 |  43.8 |       9 |       8 |  47.1
            +---------+---------+-------+---------+---------+-------
        D:1 |      17 |       3 |  15.0 |       8 |       2 |  20.0
        D:2 |       1 |      11 |  91.7 |       1 |       6 |  85.7
            +---------+---------+-------+---------+---------+-------
